 Dungeon Crawl Stone Soup version 0.31.0-12-g77e489cdc1 (webtiles) character file.

Game seed: 16617332175447267748

17143 Doomgape the Basher (level 12, -23/72 HPs)
             Began as a Gargoyle Fighter on Mar 2, 2024.
             Was a Believer of Hepliaklqana.
             Annihilated by a titanic slime creature (36 damage)
             ... on level 13 of the Dungeon.
             The game lasted 00:29:53 (10280 turns).

Doomgape the Basher (Gargoyle Fighter)             Turns: 10280, Time: 00:29:54

Health: -23/72     AC: 26    Str: 35    XL:     12   Next: 44%
Magic:  0/12       EV:  7    Int:  8    God:    Hepliaklqana [**....]
Gold:   544        SH: 10    Dex:  8    Spells: 11/11 levels left

rFire   . . .        v - +11 hand axe "Ejilih" {heavy, rN+ Str+6}
rCold   . . .        H - +0 kite shield
rNeg    + + .        f - +0 plate armour
rPois   ∞            (no helmet)
rElec   +            (no cloak)
rCorr   .            (no gloves)
SInv    .            (no boots)
Will    +....        D - amulet of guardian spirit Stlth
                     F - ring of willpower
HPRegen 0.32/turn    B - +4 ring of protection
MPRegen 0.13/turn

%: guardian spirit
@: flying
A: reduced essence, sickness immunity, AC +8, negative energy resistance 1,
electricity resistance, torment resistance 1, petrification resistance, big
wings, strong 1, MP-powered wands
a: Renounce Religion, Recall Ancestor, Ancestor Identity


You were on level 13 of the Dungeon.
You worshipped Hepliaklqana.
Hepliaklqana was pleased with you.
You visited 2 branches of the dungeon, and saw 13 of its levels.

You collected 544 gold pieces.

Inventory:

Hand Weapons
 v - the +11 hand axe "Ejilih" (weapon) {heavy, rN+ Str+6}
   (You found it on level 6 of the Dungeon)

   Str+6:     It affects your strength (+6).
   rN+:       It protects you from negative energy.
 y - a +2 whip of freezing
Missiles
 g - 2 throwing nets (quivered)
Armour
 f - a +0 plate armour (worn)
 H - a +0 kite shield (worn)
Jewellery
 h - an amulet of reflection
 x - a ring of positive energy
 B - a +4 ring of protection (right hand)
 D - an amulet of guardian spirit (around neck)
 F - a ring of willpower (left hand)
Wands
 t - a wand of paralysis (18)
 A - a wand of roots (23)
 I - a wand of quicksilver (1)
Scrolls
 b - 4 scrolls of identify
 c - a scroll of fog
 e - 2 scrolls of teleportation
 j - 3 scrolls of enchant weapon
 k - 3 scrolls of poison
 m - a scroll of amnesia
 n - a scroll of butterflies
 p - a scroll of immolation
 q - a scroll of revelation
 r - a scroll of noise
 s - a scroll of fear
 G - 2 scrolls of vulnerability
 J - a scroll of enchant armour {unknown}
Potions
 a - 4 potions of enlightenment
 d - 4 potions of might
 i - 2 potions of curing
 l - 3 potions of attraction
 o - a potion of haste
 u - 2 potions of resistance
 w - a potion of invisibility
 z - 2 potions of lignification
 C - 2 potions of cancellation
 E - a potion of ambrosia


   Skills:
 - Level 11.2 Fighting
 + Level 12.6 Maces & Flails
 - Level 7.2 Armour
 - Level 9.0 Shields
 + Level 7.2 Evocations


You had 11 spell levels left.
You didn't know any spells.
Your spell library contained the following spells:

 Spells                   Type           Power      Damage    Failure   Level
 Sting                    Conj/Alch      0%         1d3       99%         1
 Call Imp                 Summ           0%         N/A       99%         2
 Mercury Vapours          Alch/Air       0%         N/A       99%         2
 Static Discharge         Conj/Air       0%         3-3/arc   99%         2
 Dazzling Flash           Conj/Hex       0%         N/A       100%        3
 Mephitic Cloud           Conj/Alch/Air  0%         N/A       100%        3
 Brom's Barrelling Bould  Conj/Erth      0%         2d3       100%        4
 Dimensional Bullseye     Hex/Tloc       0%         N/A       100%        4
 Dispel Undead            Necr           0%         3d6       100%        4
 Martyr's Knell           Necr/Summ      0%         N/A       100%        4
 Petrify                  Alch/Erth      0%         N/A       100%        4
 Alistair's Intoxication  Alch           0%         N/A       100%        5
 Borgnjor's Vile Clutch   Necr/Erth      0%         N/A       100%        5
 Curse of Agony           Necr           0%         N/A       100%        5
 Freezing Cloud           Conj/Ice/Air   0%         6-21      100%        5
 Irradiate                Conj/Alch      0%         3d11      100%        5
 Silence                  Hex/Air        0%         N/A       100%        5
 Summon Forest            Summ/Tloc      0%         N/A       100%        5
 Summon Mana Viper        Hex/Summ       0%         N/A       100%        5
 Death Channel            Necr           0%         N/A       100%        6
 Eringya's Noxious Bog    Alch           0%         4d6       100%        6
 Summon Cactus Giant      Summ           0%         N/A       100%        6
 Summon Hydra             Summ           0%         N/A       100%        7
 Cigotuvi's Dreadful Rot  Necr/Alch/Air  Unusable   N/A       N/A         2
 Sublimation of Blood     Necr           Unusable   N/A       N/A         2

Dungeon Overview and Level Annotations

Branches:
Dungeon (13/15)            Temple (1/1) D:7             Orc (0/2) D:12
   Lair: D:8-11      Vaults: D:13-14

Altars:
Cheibriados
Dithmenos
Elyvilon
Fedhas
Gozag
Hepliaklqana
Makhleb
Nemelex Xobeh
Okawaru
Qazlal
Ru
Sif Muna
Trog
Uskayaw
Wu Jian
Xom
Yredelemnul
Zin
The Shining One

Shops:
D:7 =   D:9 (   D:13 [

Portals:
Trove: D:12 (give 4 scrolls of blinking)


Innate Abilities, Weirdness & Mutations

Your life essence is reduced to manifest your ancestor. (-10% HP)
You are immune to sickness and miasma.
Your stone body is resilient. (AC +8)
You are immune to poison.
You resist negative energy. (rN+)
You are resistant to electric shocks. (rElec)
You are resistant to unholy torment.
You are immune to petrification.
Your large and strong wings let you fly.
Your muscles are strong. (Str +4, Int/Dex -1)
You expend magic power (3 MP) to strengthen your wands.


Message History

The enormous slime creature is severely wounded.
You block the enormous slime creature's attack.
Two slime creatures merge to form a titanic slime creature.
Anna casts a spell at the titanic slime creature.
The stone arrow hits the titanic slime creature!
A tengu conjurer comes into view.
You slash the titanic slime creature!
The titanic slime creature is severely wounded.
Anna gestures at the titanic slime creature while chanting.
The stone arrow hits the titanic slime creature.
You block the titanic slime creature's attack.
A tengu warrior comes into view. It is wielding a +0 great sword.
Unknown command.
You hit the titanic slime creature.
The titanic slime creature is severely wounded.
You block the titanic slime creature's attack.
Anna casts a spell at the titanic slime creature.
The stone arrow hits the titanic slime creature!!
Unknown command.
You slice the titanic slime creature!!
The titanic slime creature is severely wounded.
You block the titanic slime creature's attack.
Anna gestures at the titanic slime creature while chanting.
The stone arrow hits the titanic slime creature!!
The titanic slime creature hits you!!!
Ouch! That really hurt!
* * * LOW HITPOINT WARNING * * *
The tengu conjurer gestures wildly while chanting.
You hear a shout!
You slice the titanic slime creature!!
The titanic slime creature is almost dead.
The titanic slime creature barely misses you.
A cyclops comes into view.
Unknown command.
You slash the titanic slime creature!
The titanic slime creature is almost dead.
A battlesphere comes into view.
The titanic slime creature hits you!!!
Ouch! That really hurt!
You die... ...#. .... .#.## ...
CQ*

#Q# #J#
##########
#@#
#.........
#R#
#.########
#.# #.# #.#
#.# #.#
#.#########.#
#.#
.....∩......#
#.#
..###########
#.# #..###
#.#


You could see the friendly Anna the battlemage, a titanic slime creature (ally
target), a tengu warrior, a cyclops, a tengu conjurer and a battlesphere
(distracted).

Vanquished Creatures
  A two-headed ogre (D:11)
  Pikel (D:5)
  3 cyclopes
  An ugly thing (D:11)
  3 gargoyles (D:11)
  A hellwing (D:9)
  3 trolls
  7 slime creatures
  2 shadows
  2 wyverns
  2 wraiths (D:11)
  19 yaks
  A steam dragon (D:9)
  Grum (D:9)
  A vampire mosquito (D:11)
  5 neqoxecs (D:9)
  A chaos spawn (D:9)
  An ice beast (D:6)
  6 orc warriors
  A sky beast (D:6)
  2 black bears
  2 wolves (D:9)
  4 centaurs
  3 phantoms
  7 kobold brigands
  2 gnoll sergeants (D:12)
  A bullfrog (D:7)
  2 scorpions (D:5)
  5 killer bees
  9 howler monkeys
  6 quasits (D:9)
  2 orc priests
  6 jellies (D:6)
  A gnoll bouda (D:7)
  2 hounds
  Ijyb (D:5)
  3 iguanas (D:6)
  13 orc wizards
  16 gnolls
  6 adders
  A shadow imp (D:7)
  A white imp (D:7)
  4 ufetubi
  5 dart slugs
  42 orcs
  4 ball pythons
  8 bats
  12 endoplasms
  2 giant cockroaches
  5 goblins
  7 hobgoblins
  4 jackals
  14 kobolds
  4 quokkas
  14 frilled lizards
  6 rats
288 creatures vanquished.

Vanquished Creatures (collateral kills)
  A boulder beetle (D:11)
  A manticore (D:13)
  A cyclops (D:12)
  A slime creature (D:12)
  A vampire (D:12)
  A wraith (D:12)
  A shadow (D:11)
  3 yaks
  An ogre (D:12)
  A kobold brigand (D:12)
  A howler monkey (D:11)
  An orc wizard (D:12)
  2 gnolls (D:12)
  3 orcs (D:12)
19 creatures vanquished.

Vanquished Creatures (others)
  3 battlemagi
  An orc wizard (D:6)
  An orc (D:7)
5 creatures vanquished.

Grand Total: 312 creatures vanquished

Notes
Turn   | Place    | Note
-------+----------+-------------------------------------------
     0 | D:1      | Doomgape the Gargoyle Fighter began the quest for the Orb.
     0 | D:1      | Reached XP level 1. HP: 14/14 MP: 1/1
   162 | D:1      | Reached XP level 2. HP: 19/19 MP: 2/2
   371 | D:1      | Reached XP level 3. HP: 23/24 MP: 3/3
   596 | D:1      | Got the Elucidation of Confrontation and Locality
   975 | D:2      | Reached XP level 4. HP: 29/29 MP: 4/4
  1249 | D:3      | Found an opulent altar of Gozag.
  1611 | D:3      | Found a stormy altar of Qazlal.
  1700 | D:3      | Reached skill level 3 in Maces & Flails
  2142 | D:4      | Reached XP level 5. HP: 34/34 MP: 5/5
  2599 | D:4      | Reached XP level 6. HP: 40/40 MP: 6/6
  2723 | D:4      | Found a sacrificial altar of Ru.
  2836 | D:4      | Reached skill level 5 in Fighting
  2836 | D:4      | Reached skill level 4 in Maces & Flails
  2836 | D:4      | Reached skill level 5 in Armour
  2949 | D:4      | Noticed a black bear
  2958 | D:4      | Killed a black bear
  3032 | D:5      | Entered Level 5 of the Dungeon
  3080 | D:5      | Reached XP level 7. HP: 29/44 MP: 7/7
  3154 | D:5      | Noticed Pikel
  3177 | D:5      | Killed Pikel
  3178 | D:5      | Reached skill level 5 in Maces & Flails
  3178 | D:5      | Reached XP level 8. HP: 30/52 MP: 8/8
  3389 | D:5      | Noticed Ijyb
  3391 | D:5      | Paralysed by Ijyb for 5 turns
  3405 | D:5      | Paralysed by Ijyb for 3 turns
  3425 | D:5      | Paralysed by Ijyb for 3 turns
  3432 | D:5      | Killed Ijyb
  3483 | D:5      | Found an ornate altar of the Wu Jian Council.
  3483 | D:5      | Found a shadowy altar of Dithmenos.
  3483 | D:5      | Found a glowing golden altar of the Shining One.
  4067 | D:6      | Reached skill level 6 in Maces & Flails
  4278 | D:6      | Identified the +11 hand axe "Ejilih" {heavy, rN+ Str+6}
  4591 | D:6      | Reached XP level 9. HP: 55/59 MP: 9/9
  4625 | D:6      | Found a shadowy altar of Dithmenos.
  4625 | D:6      | Found a stormy altar of Qazlal.
  4625 | D:6      | Found a glowing silver altar of Zin.
  4625 | D:6      | Found an opulent altar of Gozag.
  4625 | D:6      | Found a blossoming altar of Fedhas.
  4625 | D:6      | Found a shimmering altar of Xom.
  4630 | D:6      | Reached skill level 7 in Maces & Flails
  4644 | D:6      | Reached skill level 5 in Shields
  5130 | D:7      | Found a sparkling altar of Nemelex Xobeh.
  5211 | D:7      | Found Gougoc's Jewellery Shop.
  5364 | D:7      | Found a bloodstained altar of Trog.
  5566 | D:7      | Found a staircase to the Ecumenical Temple.
  5605 | Temple   | Entered the Ecumenical Temple
  5662 | Temple   | Became a worshipper of Hepliaklqana the Forgotten
  5679 | D:7      | Reached skill level 8 in Maces & Flails
  5850 | D:7      | You fall into a shaft and drop 2 floors!
  5853 | D:9      | Found Abiuschee's Antique Weapon Shop.
  5867 | D:9      | Gained mutation: Your health recovers twice as slowly from
                  | being drained. [a neqoxec]
  5870 | D:9      | Gained mutation: You sometimes lose your temper in combat.
                  | [a neqoxec]
  5871 | D:9      | Reached XP level 10. HP: 37/66 MP: 2/10
  6183 | D:9      | Found a snail-covered altar of Cheibriados.
  6247 | D:9      | Reached skill level 10 in Fighting
  6307 | D:9      | Reached skill level 9 in Maces & Flails
  6391 | D:9      | Noticed Grum
  6427 | D:9      | Killed Grum
  6588 | D:9      | Lost mutation: You sometimes lose your temper in combat.
                  | [potion of mutation]
  6588 | D:9      | Lost mutation: Your health recovers twice as slowly from
                  | being drained. [potion of mutation]
  6588 | D:9      | Gained mutation: You are dopey. (Int -2) [potion of
                  | mutation]
  6589 | D:9      | Lost mutation: You are dopey. (Int -2) [potion of mutation]
  6589 | D:9      | Gained mutation: Your large and strong wings let you fly.
                  | [potion of mutation]
  6589 | D:9      | Gained mutation: You expend magic power (3 MP) to
                  | strengthen your wands. [potion of mutation]
  6589 | D:9      | Gained mutation: Your muscles are strong. (Str +4, Int/Dex
                  | -1) [potion of mutation]
  6764 | D:9      | Reached * piety under Hepliaklqana
  7078 | D:10     | Entered Level 10 of the Dungeon
  7080 | D:10     | Found a glowing silver altar of Zin.
  7094 | D:10     | Reached XP level 11. HP: 54/66 MP: 8/11
  7285 | D:10     | Found a white marble altar of Elyvilon.
  7311 | D:10     | Identified the +6 long sword of Xecyseube {holy, rF+ Str+6}
  7769 | D:11     | Reached skill level 10 in Maces & Flails
  7775 | D:11     | Reached skill level 1 in Evocations
  7951 | D:11     | Reached ** piety under Hepliaklqana
  8231 | D:11     | Identified the +3 spear "Ketagruo" {venom, Fly}
  8361 | D:11     | Remembered your ancestor Anna as a battlemage
  8379 | D:11     | Noticed a two-headed ogre
  8384 | D:11     | Killed a two-headed ogre
  8447 | D:11     | Noticed a boulder beetle
  8449 | D:11     | Noticed a cyclops
  8450 | D:11     | Noticed a cyclops
  8451 | D:11     | Noticed a cyan ugly thing
  8468 | D:11     | Killed a cyan ugly thing
  8476 | D:11     | Killed a cyclops
  8481 | D:11     | Killed a cyclops
  8482 | D:11     | Reached skill level 11 in Maces & Flails
  8808 | D:11     | Killed a boulder beetle
  8809 | D:11     | Reached skill level 5 in Evocations
  9227 | D:12     | Reached XP level 12. HP: 57/72 MP: 9/12
  9299 | D:12     | Found a staircase to the Orcish Mines.
  9311 | D:12     | Reached skill level 12 in Maces & Flails
  9957 | D:12     | Found a portal to a secret trove of treasure.
 10195 | D:13     | Found Guasum's Armour Emporium.
 10277 | D:13     | Noticed a tengu warrior
 10280 | D:13     | Annihilated by a titanic slime creature

Illustrated notes

Levels and vault maps discovered:
D:1:      elethiomel_arrival_quiet, layout_loops_ring, minmay_bisected
D:2:      minmay_door_path, layout_rooms, minmay_misc_feat_five
D:3:      layout_loops_corners, marbit_many_paths,
          mainiacjoe_overflow_concentric_impassable, minmay_misc_feat_pillars,
          chequers_serial_rivers_micro_d, minmay_lizard_king
D:4:      layout_loops_ring, mainiacjoe_overflow_alcove_4
D:5:      layout_loops_ring, gammafunk_temple_overflow_forgotten, uniq_pikel,
          uniq_ijyb
D:6:      cheibrodos_fertilizer, layout_gridville, lightli_corner_chamber
D:7:      layout_layer_cave, overflow_temple_1_default,
          nemelex_xobeh_ov_fountains_minmay, nicolae_overflow_crystal_walls,
          minmay_temple_entry_glass, gammafunk_ghost_smash, serial_shops,
          nicolae_shop_tiny_waterfront
D:9:      layout_long_grid, mainiacjoe_overflow_24_doors, serial_demonic,
          serial_demonic_f, serial_demonic_d, serial_demonic_b,
          serial_demonic_b, serial_demonic_g, serial_demonic_b, serial_shops,
          nicolae_shop_advertising_works [nicolae_subvault_shop_adworks],
          nrook_mini_backslash, uniq_grum
D:10:     layout_small_grid, mainiacjoe_overflow_small_starburst,
          lemuel_doored_altar
D:11:     layout_layer_cave, minmay_joined_circles
D:12:     layout_gridville, kennysheep_orc_monster_closet_entryway,
          nicolae_trove_entry_diagonal
D:13:     layout_loops_ring, serial_shops, shop
Temple:   nicolae_temple_colour_theory

Skill      XL: |  1  2  3  4  5  6  7  8  9 10 11 12 |
---------------+-------------------------------------+-----
Fighting       | 4 5 6 7 9 11 | 11.2
Armour         | 4 5 6 7 |  7.2
Maces & Flails | 3 4 5 6 8 9 11 12 | 12.6
Shields        | 4 6 8 9 |  9.0
Evocations     | 5 7 |  7.2

Action                     |  1- 3 |  4- 6 |  7- 9 | 10-12 || total
---------------------------+-------+-------+-------+-------++-------
  Melee: Flail             |   122 |   227 |    53 |       ||   402
         Whip              |       |       |   118 |       ||   118
         Hand axe          |       |       |   113 |   305 ||   418
 Invoke: Ancestor Identity |       |       |       |     1 ||     1
         Ancestor Life: Ba |       |       |       |     1 ||     1
  Evoke: Wand              |       |     1 |     2 |     3 ||     6
    Use: Scroll            |       |     5 |    14 |     5 ||    24
         Potion            |       |     1 |       |     4 ||     5
   Stab: Paralysed         |       |     3 |     5 |       ||     8
         Distracted        |       |       |       |     5 ||     5
 Armour: Scale mail        |     8 |       |       |       ||     8
         Plate armour      |    86 |   143 |   250 |   353 ||   832
         Skin              |       |       |       |    14 ||    14
  Dodge: Dodged            |    42 |   126 |   180 |   195 ||   543
  Block: Buckler           |    30 |    38 |    68 |   101 ||   237
         Kite shield       |       |       |       |    19 ||    19
